 Dungeon Crawl Stone Soup version 0.25.1-4-g9407a263a5 (webtiles) character file.

Game seed: 146964130693723761

46 Oninnaise the Bolt Thrower (level 3, -1/29 HPs)
             Began as a Centaur Hunter on Nov 26, 2020.
             Shot with an arrow by a centaur (8 damage)
             ... on level 3 of the Dungeon.
             The game lasted 00:06:06 (1324 turns).

Oninnaise the Bolt Thrower (Centaur Hunter)         Turns: 1324, Time: 00:06:07

Health: -1/29      AC:  7    Str: 14    XL:     3   Next: 46%
Magic:  3/3        EV:  9    Int: 10    God:
Gold:   119        SH:  0    Dex: 10    Spells: 2/2 levels left

rFire    . . .     SeeInvis .   a - +2 hand crossbow
rCold    . . .     Gourm    .   (no shield)
rNeg     . . .     Faith    .   c - +0 leather armour
rPois    .         Spirit   .   i - +0 helmet
rElec    .         Reflect  .   (no cloak)
rCorr    .         Harm     .   (no gloves)
MR       .....                  (no barding)
Stlth    +.........             (no amulet)
HPRegen  0.09/turn              (no ring)
MPRegen  0.08/turn              (no ring)

@: very quick
A: large, hooves 3, yellow scales 1, deformed body, speed 2, screaming 1, tough
skin 3
a: no special abilities


You were on level 3 of the Dungeon.
You were not hungry.

You visited 1 branch of the dungeon, and saw 3 of its levels.

You collected 119 gold pieces.

Inventory:

Hand Weapons
 a - a +2 hand crossbow (weapon)
 b - a +0 short sword
Missiles
 d - 18 bolts (quivered)
Armour
 c - a +0 leather armour (worn)
 i - a +0 helmet (worn)
Scrolls
 g - a scroll of identify
 k - a scroll of teleportation
Potions
 e - a potion of heal wounds
 h - a potion of magic
Comestibles
 f - 3 rations
 j - 11 chunks of flesh


   Skills:
 + Level 2.2 Fighting
 + Level 5.5 Crossbows
 + Level 0.4 Armour
 + Level 1.4 Dodging
 + Level 0.4 Stealth


You had 2 spell levels left.
You didn't know any spells.
Your spell library was empty.

Dungeon Overview and Level Annotations

Branches:
Dungeon (3/15)

Altars:
Nemelex Xobeh
Okawaru

Annotations:
D:3 Grinder


Innate Abilities, Weirdness & Mutations

You have hooves in place of feet.
Armour fits poorly on your strangely shaped body.
You cover ground very quickly.
You have extremely tough skin. (AC +3)
You are partially covered in yellow scales. (AC +2)
You occasionally shout uncontrollably at your foes.


Message History

Firing (i - inventory)
d - 20 bolts (quivered)
Press: ? - help, Shift-Dir - straight line, f/p - orc
Aim: an orc, wielding a +0 flail and wearing a +0 ring mail You shoot a bolt.
The bolt barely misses the orc.
The orc barely misses you. The orc hits you but does no damage.
You hear a zap.
You hear a grinding noise.
Grinder comes into view.
She is carrying a wand of digging (4).
Grinder shouts!
You hear a shout!
The orc hits you but does no damage. x2
The orc wizard gestures at you while chanting.
The puff of flame hits you!
* * * LOW HITPOINT WARNING * * *
Grinder blinks!
Firing (i - inventory)
d - 19 bolts (quivered)
Press: ? - help, Shift-Dir - straight line, f/p - orc
Aim: an orc, wielding a +0 flail and wearing a +0 ring mail You shoot a bolt.
The bolt barely misses the orc. x2
The centaur wields a +0 shortbow.
The centaur shoots an arrow.
The arrow hits you!
You die...

...(.#...#
#....#...
#(...#ยง.#
###...#..##
........#.#
#####
####.......
......
#......(####....
#....@oo.%..(.##
#.......(...)..#
##.##.##.(....!.
.. #.#<..c....#
...
#.#...)(.....#
##
#...###.####..
#..## (# # ....
.# ##.. .#


You could see a centaur and 2 orcs.

Vanquished Creatures
  2 worms (D:2)
  2 dart slugs (D:1)
  2 orcs (D:3)
  4 ball pythons
  4 bats
  A giant cockroach (D:1)
  4 goblins
  5 hobgoblins
  2 jackals (D:1)
  A kobold (D:2)
  A quokka (D:2)
  2 rats
30 creatures vanquished.

Notes
Turn   | Place    | Note
-------+----------+-------------------------------------------
     0 | D:1      | Oninnaise the Centaur Hunter began the quest for the Orb.
     0 | D:1      | Reached XP level 1. HP: 17/17 MP: 1/1
   115 | D:1      | Reached XP level 2. HP: 24/24 MP: 2/2
   231 | D:1      | Reached skill level 5 in Crossbows
   818 | D:2      | Found a faded altar of an unknown god.
   825 | D:2      | Gained mutation: You are partially covered in yellow
                  | scales. (AC +2) [potion of mutation]
   825 | D:2      | Gained mutation: Your magical capacity is low. (-10% MP)
                  | [potion of mutation]
   825 | D:2      | Gained mutation: You occasionally shout uncontrollably at
                  | your foes. [potion of mutation]
   825 | D:2      | Lost mutation: Your magical capacity is low. (-10% MP)
                  | [potion of mutation]
   837 | D:2      | Reached XP level 3. HP: 26/29 MP: 3/3
   938 | D:2      | Found a sparkling altar of Nemelex Xobeh.
  1085 | D:2      | Found an iron altar of Okawaru.
  1319 | D:3      | Noticed a centaur
  1321 | D:3      | Noticed Grinder
  1324 | D:3      | Shot with an arrow by a centaur

Illustrated notes

Levels and vault maps discovered:
D:1:      minmay_arrival_hallway, layout_basic
D:2:      layout_rooms, nemelex_xobeh_ov_fountains_minmay,
          chequers_ecumenical_altar_simple_redux, okawaru_gym_becter
D:3:      layout_rooms, first_ration, grunt_ministairs_12,
          minmay_goblin_outpost, uniq_grinder, uniq_natasha

Skill      XL: |  1  2 |
---------------+-------+-----
Crossbows      | 5 |  5.5
Fighting       | |  2.2
Armour         | |  0.4
Dodging        | |  1.4
Stealth        | |  0.4

Action                   || total
-------------------------++-------
 Fire: Hand crossbow     ||    76
  Use: Scroll            ||     7
       Potion            ||     6
Armor: Leather armour    ||    12
Dodge: Dodged            ||    10
